 Dungeon Crawl Stone Soup version 0.28-a0-1594-ga885d4b3d6 (webtiles) character file.

Game seed: 13021302544537326344

1508 southernslant the Poker (level 8, -4/61 HPs)
             Began as a Demonspawn Fighter on Jan 21, 2022.
             Slain by a two-headed ogre (10 damage)
             ... on level 6 of the Dungeon.
             The game lasted 00:12:09 (5237 turns).

southernslant the Poker (Demonspawn Fighter)        Turns: 5237, Time: 00:12:11

Health: -4/61      AC: 12    Str: 19    XL:     8   Next: 53%
Magic:  9/9        EV: 11    Int:  9    God:
Gold:   306        SH: 10    Dex: 13    Spells: 9/9 levels left

rFire   . . .      SeeInvis .   a - +0 trident
rCold   . . .      Faith    .   c - +0 buckler
rNeg    . . .      Spirit   .   b - +0 scale mail
rPois   .          Reflect  +   (no helmet)
rElec   .          Harm     .   y - +0 cloak
rCorr   +          Rampage  .   h - +2 pair of gloves
Will    .....                   t - +0 pair of boots
Stlth   ..........              f - amulet of reflection
HPRegen 0.20/turn               w - ring of resist corrosion
MPRegen 0.11/turn               (no ring)

@: mighty
A: ignite blood 1, spiny 2, weakness stinger 1
a: no special abilities


You were on level 6 of the Dungeon.
You visited 1 branch of the dungeon, and saw 6 of its levels.

You collected 306 gold pieces.

Inventory:

Hand Weapons
 a - a +0 trident (weapon)
 s - a +1 scythe of venom
 z - a +4 flail of protection
 D - a +3 halberd
Missiles
 g - 86 stones
 F - an atropa-tipped dart (quivered)
Armour
 b - a +0 scale mail (worn)
 c - a +0 buckler (worn)
 h - a +2 pair of gloves (worn)
 t - a +0 pair of boots (worn)
 y - a +0 cloak (worn)
Jewellery
 f - an amulet of reflection (around neck)
 o - a ring of protection from fire
 w - a ring of resist corrosion (left hand)
Scrolls
 i - 2 scrolls of enchant armour {unknown}
 k - a scroll of blinking {unknown}
 n - 3 scrolls of teleportation {unknown}
 p - 3 scrolls of identify {unknown}
 q - 2 scrolls of magic mapping {unknown}
 v - a scroll of silence {unknown}
 B - a scroll of vulnerability {unknown}
 E - a scroll of immolation {unknown}
Potions
 e - a potion of magic {unknown}
 j - a potion of attraction {unknown}
 l - 3 potions of degeneration {unknown}
 m - 2 potions of mutation {unknown}
 r - 2 potions of curing {unknown}
 u - 2 potions of flight {unknown}
 x - a potion of heal wounds {unknown}
 A - a potion of experience {unknown}
 C - a potion of lignification {unknown}
 G - a potion of brilliance {unknown}


   Skills:
 + Level 4.3 Fighting
 * Level 5.1 Polearms
 + Level 3.2 Throwing
 + Level 4.2 Armour
 * Level 4.6 Dodging
 + Level 1.2 Stealth
 + Level 4.3 Shields
 + Level 1.1 Spellcasting


You had 9 spell levels left.
You didn't know any spells.
Your spell library contained the following spells:

 Spells                   Type           Power      Damage    Failure   Level
 Scorch                   Fire           0%         2d5       91%         2
 Flame Wave               Conj/Fire      0%         2d4       100%        4
 Summon Cactus Giant      Summ           0%         N/A       100%        6


Dungeon Overview and Level Annotations

Branches:
Dungeon (6/15)
 Temple: D:4-7

Altars:
Gozag
Hepliaklqana
Kikubaaqudgha
Vehumet

Shops:
D:1 (


Innate Abilities, Weirdness & Mutations

Your demonic aura sometimes causes spilled blood to erupt in flames.
You are mostly covered in sharp spines.
You have a small tail.


Message History

The gnoll sergeant is lightly wounded.
The gnoll sergeant hits you from afar with a +0 trident!
You barely miss the gnoll.
The gnoll sergeant hits you from afar with a +0 trident.
You block the gnoll's attack.
You hit the gnoll. You tail-slap the gnoll.
The gnoll is severely wounded.
The gnoll is struck by your spines.
You kill the gnoll!
You reach to attack!
You barely miss the two-headed ogre. You puncture the two-headed ogre!
You tail-slap the two-headed ogre, but do no damage.
The two-headed ogre is lightly wounded.
The two-headed ogre is struck by your spines.
The two-headed ogre hits you with a +0 giant club.
The two-headed ogre hits you with a +0 giant club!!
* * * LOW HITPOINT WARNING * * *
You feel very mighty all of a sudden.
The gnoll sergeant hits you but does no damage.
Throw: 3 darts (atropa)
Press: ? - help, Q - select action, (/) - cycle Shift-Dir - straight line, f/p - two-headed ogre
Aim: a two-headed ogre, wielding two +0 giant clubs (moderately wounded, 75% to hit, chance to blind on hit: 3%)
You throw an atropa-tipped dart.
The atropa-tipped dart hits the two-headed ogre.
The two-headed ogre resists.
The two-headed ogre is moderately wounded.
You block the two-headed ogre's attack. x2
The gnoll sergeant closely misses you.
Throw: 2 darts (atropa)
Press: ? - help, Q - select action, (/) - cycle Shift-Dir - straight line, f/p - two-headed ogre
Aim: a two-headed ogre, wielding two +0 giant clubs (moderately wounded, 75% to hit, chance to blind on hit: 3%)
You throw an atropa-tipped dart.
The atropa-tipped dart hits the two-headed ogre.
The two-headed ogre resists.
The two-headed ogre is moderately wounded.
You block the gnoll sergeant's attack.
The two-headed ogre hits you with a +0 giant club!
* * * LOW HITPOINT WARNING * * *
The two-headed ogre hits you with a +0 giant club!
You die...

####...# #...# #...#
#...# #...# ##...#####
#8.......# ##...#####
### #...# #@# #...#
##O# #### #..)#
#gg########...# #...#
#.g..........#
##...########.#..g....#
#.........#..##.#####O#
#........##.#...# g.#
.##...............#
.gg#
.#..............###
((.g#


You could see a two-headed ogre, a gnoll sergeant and 2 gnolls.

Vanquished Creatures
  Sigmund (D:6)
  2 water moccasins
  A necrophage (D:5)
  3 ogres
  A centaur (D:6)
  A phantom (D:5)
  A bullfrog (D:4)
  2 scorpions (D:6)
  A wyvern skeleton (D:5)
  A hound (D:5)
  2 orc wizards
  A scorpion zombie (D:5)
  A hound skeleton (D:5)
  A mummy (D:4)
  Robin (D:3)
  A howler monkey zombie (D:4)
  4 adders
  9 gnolls
  2 ufetubi
  A worm (D:3)
  2 dart slugs
  12 orcs
  17 bats
  9 endoplasms
  2 giant cockroaches
  9 goblins
  10 hobgoblins
  2 jackals (D:3)
  3 kobolds
  3 quokkas
  8 ball pythons
  5 frilled lizards
  A goblin zombie (D:4)
  An orc zombie (D:4)
  7 rats
128 creatures vanquished.

Notes
Turn   | Place    | Note
-------+----------+-------------------------------------------
     0 | D:1      | southernslant the Demonspawn Fighter began the quest for
                  | the Orb.
     0 | D:1      | Reached XP level 1. HP: 18/18 MP: 1/1
    43 | D:1      | Found a faded altar of an unknown god.
    87 | D:1      | Reached skill level 2 in Polearms
   142 | D:1      | Gained mutation: Your demonic aura sometimes causes spilled
                  | blood to erupt in flames. [demonic ancestry]
   142 | D:1      | Reached XP level 2. HP: 21/24 MP: 2/2
   407 | D:1      | Found Saimm's Weapon Emporium.
   676 | D:2      | Gained mutation: You are partially covered in sharp spines.
                  | [demonic ancestry]
   676 | D:2      | Reached XP level 3. HP: 29/29 MP: 3/3
   728 | D:2      | Reached skill level 1 in Dodging
   858 | D:2      | Reached skill level 1 in Throwing
  1287 | D:2      | Gained mutation: You are mostly covered in sharp spines.
                  | [demonic ancestry]
  1287 | D:2      | Reached XP level 4. HP: 35/35 MP: 4/4
  1773 | D:3      | Found a radiant altar of Vehumet.
  1825 | D:3      | Noticed Robin
  1856 | D:3      | Killed Robin
  2022 | D:3      | Found a hazy altar of Hepliaklqana.
  2440 | D:4      | Reached XP level 5. HP: 30/41 MP: 5/5
  2451 | D:4      | Reached skill level 3 in Polearms
  2564 | D:4      | Noticed an ogre
  2569 | D:4      | Killed an ogre
  2918 | D:4      | Noticed an ogre
  2920 | D:4      | Killed an ogre
  2921 | D:4      | Reached XP level 6. HP: 33/47 MP: 6/6
  3587 | D:5      | Entered Level 5 of the Dungeon
  3587 | D:5      | Noticed a water moccasin
  3599 | D:4      | Killed a water moccasin
  3600 | D:4      | Reached XP level 7. HP: 50/52 MP: 7/7
  3634 | D:5      | Reached skill level 4 in Polearms
  3968 | D:5      | Found an ancient bone altar of Kikubaaqudgha.
  4214 | D:5      | Gained mutation: You have a small tail. [demonic ancestry]
  4214 | D:5      | Reached XP level 8. HP: 60/60 MP: 8/8
  4756 | D:6      | Noticed Sigmund
  4866 | D:6      | Killed Sigmund
  4867 | D:6      | Reached skill level 5 in Polearms
  4867 | D:6      | Reached skill level 1 in Stealth
  5082 | D:6      | Found an opulent altar of Gozag.
  5143 | D:6      | Reached skill level 1 in Spellcasting
  5217 | D:6      | Noticed a two-headed ogre
  5237 | D:6      | Slain by a two-headed ogre

Illustrated notes

Levels and vault maps discovered:
D:1:      minmay_arrival_cross, layout_rooms, serial_shops,
          nicolae_shop_waterfront, hellmonk_ecumenical_altar_arch_garden
D:2:      layout_basic
D:3:      layout_loops_ring, nicolae_overflow_hidden_temple,
          mainiacjoe_overflow_chevrons, roderic_batcave, uniq_robin
D:4:      layout_basic, nicolae_ossuary_entry_giza, hangedman_decor_riveting
D:5:      layout_loops_ring, mainiacjoe_overflow_24_doors, grunt_ministairs_10
D:6:      minmay_opposing_rooms, layout_rooms, elyvilon_altar_3,
          grunt_gozag_statues, lemuel_flamethrower_1, uniq_sigmund,
          uniq_duvessa, uniq_edmund

Skill      XL: |  1  2  3  4  5  6  7  8 |
---------------+-------------------------+-----
Polearms       | 2 3 4 5 |  5.1
Dodging        | 1 2 3 4 |  4.6
Throwing       | 1 2 3 |  3.2
Shields        | 3 4 |  4.3
Armour         | 3 4 |  4.2
Fighting       | 4 |  4.3
Stealth        | 1 |  1.2
Spellcasting   | 1 |  1.1

Action                   |  1- 3 |  4- 6 |  7- 9 || total
-------------------------+-------+-------+-------++-------
Melee: Trident           |   113 |   127 |   107 ||   347
       Tailslap          |       |       |     6 ||     6
Throw: Dart              |       |     1 |    11 ||    12
  Use: Potion            |       |       |     1 ||     1
 Stab: Invisible         |       |       |     2 ||     2
Armor: Scale mail        |    47 |    30 |    26 ||   103
Dodge: Dodged            |    49 |    37 |    24 ||   110
Block: Buckler           |    53 |    48 |    48 ||   149
       Reflection        |       |     6 |     2 ||     8

Table legend: (Time is in decaauts)
 A = Elapsed time spent in this place.
 B = Non-inter-level travel time spent in this place.
 C = Inter-level travel time spent in this place.
 D = Time resting spent in this place.
 E = Time spent auto-exploring this place.
 F = Levels seen in this place.
 G = Mean time per level.
                   A        B        C        D        E       F      G
               +--------+--------+--------+--------+--------+-----+--------+
         Total |   5303 |   5036 |    267 |      0 |   4080 |   6 |  883.8 |
       Dungeon |   5303 |   5036 |    267 |      0 |   4080 |   6 |  883.8 |
               +--------+--------+--------+--------+--------+-----+--------+

Top non-repeatable levels by time:
     D:5: 1248 daAuts
     D:4: 1193 daAuts
     D:3: 990 daAuts
     D:1: 830 daAuts
     D:2: 635 daAuts
     D:6: 405 daAuts
